 Dungeon Crawl Stone Soup version 0.18.1-8-gdd0e5ea (webtiles) character file.

1743 Loading the Grappler (level 9, 0/70 HPs)
             Began as a Ghoul Monk on May 30, 2016.
             Was a Priest of Makhleb.
             Killed from afar by Sigmund (7 damage)
             ... with a puff of flame
             ... on level 6 of the Dungeon.
             The game lasted 00:12:19 (4951 turns).

Loading the Grappler (Ghoul Monk)                   Turns: 4951, Time: 00:12:20

Health: 0/70       AC: 14    Str: 15    XL:     9   Next: 5%
Magic:  11/11      EV:  7    Int:  5    God:    Makhleb [***...]
Gold:   245        SH:  0    Dex: 14    Spells: 0 memorised, 8 levels left

rFire  . . .     SeeInvis .       - Unarmed
rCold  + . .     Gourm    .     c - +0 chain mail
rNeg   + + +     Faith    .     (no shield)
rPois  ∞         Spirit   .     g - +1 helmet
rElec  .         Dismiss  .     j - +2 cloak
rCorr  .         Reflect  .     (no gloves)
SustAt .         Harm     .     (no boots)
MR     .....                    (no amulet)
Stlth  ..........               (no ring)
                                (no ring)

@: rotting, not resistant to hostile enchantments, extremely unstealthy
A: rotting body, claws 1, carnivore 3, cold resistance 1, negative energy
resistance 3, slow regeneration 1, torment resistance, unbreathing
a: Minor Destruction, Lesser Servant of Makhleb, Renounce Religion


You were on level 6 of the Dungeon.
You worshipped Makhleb.
Makhleb was most pleased with you.
You were not hungry.

You visited 1 branch of the dungeon, and saw 6 of its levels.

You collected 245 gold pieces.

Inventory:

Armour
 c - a +0 chain mail (worn)
 g - a +1 helmet (worn)
 j - a +2 cloak (worn)
Wands
 p - a wand of flame (48/48)
 q - a wand of flame (22/48)
Scrolls
 a - 3 scrolls of remove curse
 e - a scroll of teleportation
 f - 4 scrolls of identify
 h - a scroll of amnesia
 n - 2 scrolls of blinking
Potions
 i - a potion of brilliance
 k - a potion of cancellation
 l - a potion of flight
Books
 d - an Akashic Record

   Spells                             Type                      Level
   a - Dispersal                      Translocation                6
   b - Malign Gateway                 Summoning/Translocation      7
   c - Disjunction                    Translocation                8
   d - Controlled Blink               Translocation                8
Comestibles
 b - 4 meat rations


   Skills:
 - Level 3.2 Fighting
 + Level 4.2 Armour
 - Level 2.6 Dodging
 + Level 6.6 Stealth
 * Level 9.1 Unarmed Combat
 + Level 4.9 Invocations


You had 8 spell levels left.
You didn't know any spells.

Dungeon Overview and Level Annotations

Branches:
Dungeon (6/15)
 Temple: D:4-7

Altars:
Ashenzari
Dithmenos
Gozag
Kikubaaqudgha
Makhleb
Nemelex Xobeh
Sif Muna
Yredelemnul
Zin
The Shining One

Shops:
D:6 (

Annotations:
D:6 Sigmund


Innate Abilities, Weirdness & Mutations

Your body is rotting away.
You thrive on raw meat.
You are immune to poison.
You have sharp fingernails.
You are carnivorous and can eat meat at any time.
Your flesh is cold resistant.
You are immune to negative energy.
You regenerate slowly when monsters are visible.
You are immune to unholy pain and torment.
You can survive without breathing.


Message History

You hear some strange, mumbled words.
You are confused.
You continue eating.
Something hits you but does no damage.
You miss something.
You bump into the rock wall.
Something hits you but does no damage.
You bump into the rock wall.
Something hits you!
* * * LOW HITPOINT WARNING * * *
You bump into the rock wall.
You miss something. Something hits you.
* * * LOW HITPOINT WARNING * * *
You're too confused to move!
You feel less confused.
You claw something! Something hits you.
* * * LOW HITPOINT WARNING * * *
You claw something!
You hear some strange, mumbled words.
A puff of flame appears from out of thin air!
The puff of flame hits you!
You die...

.# ###.#..#.#### ###...#.#....
.#####...##...#######....##>##...
....##.#####..##.........##.# ###
.##.##.#####.........######.#
.##.....(......####### #.#
.......###......##### ..#
.................^..# .##
...........#.##(###.##
........####.##(@{c..## ........#
#. ####.(..# ........# #.
#..#...... ........# ....# ####.
######.## ..._... ## #._......
..........# #._..⌠.._.#
..........#


You could see a centaur.

Vanquished Creatures
  Pikel (D:4)
  A wyvern (D:6)
  Edmund (D:5)
  Duvessa (D:5)
  A black bear (D:6)
  Blork the orc (D:5)
  Dowan (D:5)
  A scorpion (D:4)
  2 centaur zombies
  A jelly (D:5)
  A hound (D:4)
  A centaur skeleton (D:4)
  2 giant frog skeletons
  An orc wizard (D:4)
  6 worker ants
  Robin (D:3)
  An adder (D:4)
  3 oozes
  An adder zombie (D:5)
  An adder skeleton (D:4)
  2 worms
  2 giant geckos
  12 orcs
  4 bats
  4 giant cockroaches
  2 gnoll zombies (D:4)
  14 goblins
  6 hobgoblins
  11 jackals
  8 kobolds
  3 quokkas
  A giant cockroach zombie (D:5)
  2 giant newts
  A jackal skeleton (D:6)
  5 rats
106 creatures vanquished.

Vanquished Creatures (others)
  Eustachio (D:4)
  An orc wizard (D:4)
  An orc (D:4)
  A quokka (D:5)
  A giant newt (D:5)
5 creatures vanquished.

Grand Total: 111 creatures vanquished

Notes
Turn   | Place    | Note
--------------------------------------------------------------
     0 | D:1      | Loading the Ghoul Monk began the quest for the Orb.
     0 | D:1      | Reached XP level 1. HP: 19/19 MP: 0/0
   219 | D:1      | Reached XP level 2. HP: 24/26 MP: 1/1
   910 | D:2      | Reached XP level 3. HP: 25/31 MP: 2/2
   932 | D:2      | Reached skill level 1 in Armour
  1456 | D:2      | Found a shattered altar of Ashenzari.
  1462 | D:2      | Found a glowing silver altar of Zin.
  1632 | D:3      | Reached skill level 5 in Unarmed Combat
  1747 | D:3      | Found a sparkling altar of Nemelex Xobeh.
  1892 | D:3      | Noticed Robin
  1923 | D:3      | Reached XP level 4. HP: 20/37 MP: 3/3
  1951 | D:3      | Killed Robin
  2043 | D:3      | Found a burning altar of Makhleb.
  2052 | D:3      | Became a worshipper of Makhleb the Destroyer
  2052 | D:3      | Reached * piety under Makhleb
  2052 | D:3      | Reached ** piety under Makhleb
  2425 | D:4      | Reached XP level 5. HP: 40/44 MP: 4/4
  2447 | D:4      | Found a glowing golden altar of the Shining One.
  2492 | D:4      | Reached skill level 1 in Invocations
  2764 | D:4      | Reached skill level 6 in Unarmed Combat
  2764 | D:4      | Reached XP level 6. HP: 43/50 MP: 6/6
  2913 | D:4      | Found a basalt altar of Yredelemnul.
  3024 | D:4      | Noticed Eustachio
  3025 | D:4      | Noticed a slave
  3026 | D:4      | Noticed Pikel
  3026 | D:4      | Noticed a slave
  3027 | D:4      | Noticed a slave
  3032 | D:4      | Noticed a slave
  3401 | D:4      | Killed Pikel
  3401 | D:4      | Reached skill level 5 in Stealth
  3401 | D:4      | Reached skill level 7 in Unarmed Combat
  3401 | D:4      | Reached XP level 7. HP: 32/57 MP: 6/8
  3404 | D:4      | Killed Eustachio
  3404 | D:4      | Reached XP level 8. HP: 36/63 MP: 6/9
  3964 | D:5      | Entered Level 5 of the Dungeon
  3985 | D:5      | Noticed Duvessa
  3985 | D:5      | Noticed Dowan
  3994 | D:5      | Killed Duvessa
  3994 | D:5      | Reached skill level 8 in Unarmed Combat
  4001 | D:5      | Killed Dowan
  4133 | D:5      | Noticed Blork the orc
  4146 | D:5      | Killed Blork the orc
  4146 | D:5      | Reached *** piety under Makhleb
  4327 | D:5      | Noticed Edmund
  4358 | D:5      | Killed Edmund
  4707 | D:6      | Found Disair's Antique Weapon Boutique.
  4812 | D:6      | Noticed a wyvern
  4827 | D:6      | Killed a wyvern
  4827 | D:6      | Reached skill level 9 in Unarmed Combat
  4831 | D:6      | Reached XP level 9. HP: 44/69 MP: 11/11
  4908 | D:6      | Found an opulent altar of Gozag.
  4908 | D:6      | Noticed Sigmund
  4909 | D:6      | Found an ancient bone altar of Kikubaaqudgha.
  4909 | D:6      | Found a deep blue altar of Sif Muna.
  4909 | D:6      | Found a shadowy altar of Dithmenos.
  4951 | D:6      | Killed from afar by Sigmund

Skill      XL: |  1  2  3  4  5  6  7  8 |
---------------+-------------------------+-----
Armour         | 1 2 3 4 |  4.2
Unarmed Combat | 5 6 7 9 |  9.1
Stealth        | 3 4 5 6 |  6.6
Invocations    | 2 3 4 |  4.9
Fighting       | |  3.2
Dodging        | |  2.6

Action                   |  1- 3 |  4- 6 |  7- 9 || total
-------------------------+-------+-------+-------++-------
Melee: Unarmed           |   151 |   218 |   163 ||   532
       Punch             |     1 |     3 |     8 ||    12
Invok: Minor Destruction |       |       |     1 ||     1
  Use: Scroll            |     9 |     3 |     1 ||    13
       Potion            |       |     2 |     1 ||     3
  Eat: Chunk             |     9 |     7 |    17 ||    33
Armor: Chain mail        |   121 |   239 |    97 ||   457
Dodge: Dodged            |    41 |   111 |    47 ||   199
